Map: Alcyone LE

Players

Geralt (Gerald) - Winner!

  • Race: Protoss Protoss
  • League: Grandmaster
  • Spawn Location: 1:00

gumiho

  • Race: Terran Terran
  • Spawn Location: 7:00

Event: HomeStory Cup XXV

VOD

Have the link to the VOD?

Description

Time

  • Played on: June 21, 2024, 2:16 p.m.
  • Length: 7:39

All games in this series

Show
View Real Time Build Order
Export as new Build Order

Geralt Protoss - Winner!

Build Orders: 1 Gate Expand, Blink Stalkers 

Get SALT Encoding   

  12  0:00  Probe  
  13  0:12  Probe  
  14  0:18  Pylon  
  14  0:24  Probe (Chrono Boost)  
  15  0:37  Gateway, Probe (Chrono Boost)  
  16  0:44  Probe (Chrono Boost)  
  16  0:46  Assimilator  
  17  0:52  Probe  
  19  1:04  Probe  
  19  1:16  Probe  
  20  1:24  Cybernetics Core  
  22  1:28  Probe  
  23  1:38  Nexus  
  21  1:40  Probe  
  21  1:46  Pylon  
  22  1:50  Assimilator  
  22  1:53  Probe  
  23  1:58  Warp Gate (Chrono Boost)  
  23  2:01  Stalker (Chrono Boost)  
  25  2:10  Probe  
  26  2:22  Probe  
  27  2:24  Stalker  
  27  2:25  Pylon  
  29  2:33  Gateway  
  29  2:37  Probe  
  30  2:48  Gateway  
  30  2:51  Probe x2  
  31  3:00  Stalker  
  31  3:04  Probe  
  34  3:08  Probe  
  35  3:16  Probe  
  35  3:19  Twilight Council  
  36  3:21  Probe  
  37  3:28  Probe  
  37  3:33  Stalker, Probe  
  41  3:39  Stalker  
  41  3:40  Probe  
  44  3:45  Probe, Pylon  
  45  3:53  Blink (Chrono Boost), Probe  
  46  3:58  Stalker, Adept  
  50  4:03  Probe  
  50  4:07  Shield Battery  
  50  4:08  Probe  
  52  4:12  Stalker  
  52  4:23  Adept  
  54  4:27  Zealot  
  51  4:35  Probe x2  
  53  4:46  Stalker x2  
  53  4:49  Stalker  
  59  4:53  Probe x2  
  59  4:56  Shield Battery  
  61  5:04  Pylon  
  62  5:13  Stalker  
  57  5:21  Stalker  
  57  5:23  Probe  
  57  5:27  Probe  
  60  5:35  Probe  
  59  5:36  Stalker  
  59  5:37  Stalker  
  59  5:39  Probe  
  59  5:50  Probe  
  59  5:51  Stalker  
  59  5:54  Probe  
  63  6:02  Stalker x2  
  63  6:04  Probe  
  66  6:12  Pylon  
  66  6:14  Stalker  
  66  6:31  Stalker  
  50  6:39  Stalker  
  52  6:41  Probe x2  
  49  6:53  Probe  
  42  6:56  Probe  
  42  7:07  Probe (Chrono Boost)  
  43  7:08  Probe (Chrono Boost)  
  43  7:14  Zealot x2  
  48  7:20  Probe (Chrono Boost)  
  50  7:24  Probe (Chrono Boost)  
  50  7:26  Probe (Chrono Boost)  
Show
View Real Time Build Order
Export as new Build Order

gumiho Terran 

Build Orders: 1/1/1, Liberator Opening 

Get SALT Encoding   

  12  0:00  SCV  
  13  0:12  SCV  
  14  0:16  Supply Depot  
  14  0:24  SCV  
  15  0:38  SCV  
  15  0:39  Barracks  
  16  0:43  Refinery  
  16  0:50  SCV  
  16  0:52  Refinery  
  17  1:02  SCV  
  18  1:14  SCV  
  19  1:25  Barracks Reactor  
  19  1:26  Orbital Command  
  19  1:28  Supply Depot  
  19  1:40  Factory  
  19  1:53  SCV  
  20  2:02  Marine x2  
  20  2:05  SCV  
  23  2:17  SCV  
  23  2:19  Marine  
  23  2:20  Marine  
  26  2:24  Hellion  
  26  2:26  Starport  
  28  2:30  Supply Depot  
  28  2:33  SCV  
  29  2:37  Marine x2  
  31  2:45  Factory Tech Lab  
  31  2:51  SCV  
  31  2:52  Supply Depot  
  31  2:57  Marine x2  
  37  3:05  Siege Tank  
  37  3:10  Medivac  
  39  3:15  Marine x2  
  41  3:21  Supply Depot  
  41  3:29  SCV  
  41  3:33  Marine x2  
  44  3:39  Siege Tank  
  47  3:44  Liberator  
  50  3:51  Marine x2  
  52  4:02  Supply Depot  
  52  4:08  Marine  
  52  4:09  Marine  
  54  4:19  Siege Tank  
  53  4:26  Marine  
  53  4:34  Starport Tech Lab  
  53  4:35  Marine  
  51  4:44  Marine  
  52  4:47  Command Center  
  52  4:48  SCV  
  52  4:51  Supply Depot  
  52  4:52  Marine  
  53  4:58  Siege Tank  
  57  5:02  Marine  
  57  5:03  Medivac  
  60  5:10  Marine  
  60  5:20  Marine  
  61  5:28  Marine  
  61  5:29  SCV  
  61  5:30  Siege Tank  
  66  5:36  Supply Depot  
  66  5:38  Marine  
  66  5:41  SCV  
  70  5:42  Raven  
  70  5:47  Marine  
  71  5:57  Marine  
  71  5:58  SCV  
  68  6:05  Siege Tank  
  68  6:08  SCV  
  68  6:12  Reaper  
  31  7:10  Marine  
  32  7:15  Marine  
Tags
 
Add a new tag
Caveats
  • Supply blocks, unpowered buildings, or Contaminate may cause inaccurate times.
  • Supply counts are checked every 10 seconds.